 Dungeon Crawl Stone Soup version 0.28-a0-1613-gdaab1c2f9b (webtiles) character file.

Game seed: 2533135503349457029

115 issech the Skirmisher (level 4, -1/45 HPs)
             Began as a Troll Fighter on Jan 21, 2022.
             Slain by a black bear (4 damage)
             ... on level 2 of the Dungeon.
             The game lasted 00:09:56 (2279 turns).

issech the Skirmisher (Troll Fighter)               Turns: 2279, Time: 00:09:56

Health: -1/45      AC:  5    Str: 24    XL:     4   Next: 68%
Magic:  3/3        EV:  9    Int:  4    God:
Gold:   118        SH:  7    Dex: 11    Spells: 3/3 levels left

rFire   . . .      SeeInvis .   k - +0 whip
rCold   . . .      Faith    .   c - +0 kite shield
rNeg    . . .      Spirit   .   b - +0 robe
rPois   .          Reflect  .   (helmet restricted)
rElec   .          Harm     .   l - scarf {repulsion}
rCorr   .          Rampage  .   (gloves unavailable)
Will    .....      Clarity  +   (boots unavailable)
Stlth   +.........              (no amulet)
HPRegen 0.95/turn               (no ring)
MPRegen 0.08/turn               (no ring)

@: repel missiles
A: large, unfitting armour, claws 3, regeneration 1, shaggy fur 2, tough skin 1,
fangs 1, clarity
a: no special abilities


You were on level 2 of the Dungeon.
You visited 1 branch of the dungeon, and saw 3 of its levels.

You collected 118 gold pieces.

Inventory:

Hand Weapons
 a - a +0 flail
 k - a +0 whip (weapon)
 r - a +0 long sword
 t - a +0 halberd
 u - a +0 spear
Missiles
 g - 5 poisoned darts
 h - 53 stones (quivered)
 p - 12 arrows
Armour
 b - a +0 robe (worn)
 c - a +0 kite shield (worn)
 l - a scarf of repulsion (worn)
Magical Staves
 q - a staff of air
Wands
 e - a wand of polymorph (9)
Scrolls
 f - a scroll of identify
 o - a scroll of immolation {unknown}
Potions
 d - a potion of might
 i - a potion of curing
 j - a potion of mutation
 m - a potion of brilliance
 n - a potion of invisibility {unknown}
 s - a potion of degeneration {unknown}


   Skills:
 + Level 3.3 Fighting
 + Level 2.6 Maces & Flails
 + Level 0.2 Throwing
 + Level 2.9 Dodging
 + Level 0.1 Stealth
 + Level 2.9 Shields


You had 3 spell levels left.
You didn't know any spells.
Your spell library contained the following spells:

 Spells                   Type           Power      Damage    Failure   Level
 Passage of Golubria      Tloc           0%         N/A       100%        4
 Silence                  Hex/Air        0%         N/A       100%        5
 Lehudib's Crystal Spear  Conj/Erth      0%         10d2      100%        8


Dungeon Overview and Level Annotations

Branches:
Dungeon (3/15)

Altars:

Shops:
D:1 =[


Innate Abilities, Weirdness & Mutations

You are too large for most types of armour.
You have claws for hands.
Your natural rate of healing is unusually fast.
You are covered in thick fur. (AC +2)
You have tough skin. (AC +1)
You have very sharp teeth.
You possess an exceptional clarity of mind.


Message History

The black bear completely misses you. The black bear claws you. x2
You block the black bear's attack.
The black bear claws you but does no damage. x2
The black bear bites you!
The black bear claws you but does no damage.
The black bear barely misses you.
The black bear rages.
The black bear rages.
The black bear bites you. The black bear barely misses you.
You block the black bear's attack.
The black bear is no longer berserk.
The black bear barely misses you. The black bear claws you.
The black bear claws you but does no damage.
You barely miss the black bear.
The black bear is severely wounded.
The black bear bites you but does no damage.
The black bear claws you but does no damage. x2
You hit the black bear.
The black bear is almost dead.
The black bear barely misses you.
The black bear claws you but does no damage.
The black bear claws you.
You hit the black bear but do no damage.
You bite the black bear, but do no damage.
The black bear is almost dead.
The black bear looks more energetic.
The black bear goes berserk!
The black bear bites you!
* * * LOW HITPOINT WARNING * * *
The black bear claws you.
* * * LOW HITPOINT WARNING * * *
The black bear claws you.
* * * LOW HITPOINT WARNING * * *
The black bear completely misses you. You block the black bear's attack.
The black bear claws you.
* * * LOW HITPOINT WARNING * * *
The black bear barely misses you. The black bear claws you.
* * * LOW HITPOINT WARNING * * *
The black bear closely misses you. The black bear bites you.
You die...

#.# #.#
############.#
#............#
#.##########.# #.#
#.# #.# #.# #.#
#.# #.# #@# #.#
#h# #####.# #.#
....#<##########.#
###..............#
######.#####..##
#.# #..# #.# #..#
#.#####..#


You could see a black bear (berserk).

Vanquished Creatures
  2 gnolls (D:3)
  5 adders
  A dart slug (D:2)
  8 endoplasms
  2 giant cockroaches
  7 goblins
  3 hobgoblins
  7 jackals
  A quokka (D:1)
  A ball python (D:1)
  3 bats (D:1)
  2 frilled lizards (D:2)
  3 kobolds
  4 rats
49 creatures vanquished.

Vanquished Creatures (others)
  2 fungi (D:1)
  A plant (D:1)
3 creatures vanquished.

Grand Total: 52 creatures vanquished

Notes
Turn   | Place    | Note
-------+----------+-------------------------------------------
     0 | D:1      | issech the Troll Fighter began the quest for the Orb.
     0 | D:1      | Reached XP level 1. HP: 22/22 MP: 0/0
    26 | D:1      | Found Osa Fiw's Jewellery Emporium.
   226 | D:1      | Reached XP level 2. HP: 29/29 MP: 1/1
   274 | D:1      | Found a faded altar of an unknown god.
   699 | D:1      | Found Xotraomo's Armour Shoppe.
   943 | D:2      | Gained mutation: You are covered in thick fur. (AC +2)
                  | [potion of mutation]
   943 | D:2      | Gained mutation: You possess an exceptional clarity of
                  | mind. [potion of mutation]
   943 | D:2      | Gained mutation: You have very sharp teeth. [potion of
                  | mutation]
  1018 | D:2      | Reached XP level 3. HP: 36/36 MP: 2/2
  1079 | D:2      | Reached skill level 3 in Fighting
  1537 | D:2      | Reached XP level 4. HP: 45/45 MP: 3/3
  2186 | D:3      | Noticed a black bear
  2275 | D:2      | HP: 2/45 [black bear (6)]
  2279 | D:2      | Slain by a black bear

Illustrated notes

Levels and vault maps discovered:
D:1:      lightli_arrival_flooded_house, layout_basic,
          shapermc_ecumenical_altar_mp_urbaneastern, serial_shops,
          nicolae_shop_crystal, nicolae_shop_waterfront, minmay_pentomino_s2
D:2:      layout_loops_ring
D:3:      layout_basic, old_standard_altar

Skill      XL: |  1  2  3 |
---------------+----------+-----
Maces & Flails | 2 |  2.6
Fighting       | 3 |  3.3
Throwing       | |  0.2
Dodging        | |  2.9
Stealth        | |  0.1
Shields        | |  2.9

Action                   |  1- 3 |  4- 6 || total
-------------------------+-------+-------++-------
Melee: Flail             |   103 |       ||   103
       Bite              |     8 |     2 ||    10
       Whip              |    18 |    76 ||    94
Throw: Stone             |     8 |    22 ||    30
       Dart              |     1 |       ||     1
  Use: Scroll            |     4 |       ||     4
       Potion            |     1 |       ||     1
Armor: Robe              |    52 |    34 ||    86
Dodge: Dodged            |    46 |    55 ||   101
       Repelled          |     1 |       ||     1
Block: Kite shield       |    55 |    45 ||   100

Table legend: (Time is in decaauts)
 A = Elapsed time spent in this place.
 B = Non-inter-level travel time spent in this place.
 C = Inter-level travel time spent in this place.
 D = Time resting spent in this place.
 E = Time spent auto-exploring this place.
 F = Levels seen in this place.
 G = Mean time per level.
                   A        B        C        D        E       F      G
               +--------+--------+--------+--------+--------+-----+--------+
         Total |   2344 |   2254 |     90 |     41 |   1067 |   3 |  781.3 |
       Dungeon |   2344 |   2254 |     90 |     41 |   1067 |   3 |  781.3 |
               +--------+--------+--------+--------+--------+-----+--------+

Top non-repeatable levels by time:
     D:1: 945 daAuts
     D:2: 937 daAuts
     D:3: 462 daAuts
